| TOP OF THE 1ST |
|
Daytona Beach Islanders batting - Pitching for West Palm Beach Expos : RHP Felipe Lopez
|
|
Pitching: RHP Felipe Lopez
|
|
|
Batting: SHB Michael Frierson
|
0-0: Foul Ball, location: 2F 0-1: Bunt missed! 0-2: Ball 1-2: Foul Ball, location: 2F 1-2: Ball 2-2: Ball 3-2: Foul Ball, location: 2F 3-2: Base on Balls
|
|
Batting: RHB Juan Salinas
|
0-0: Ball 1-0: Called Strike 1-1: Ball 2-1: Ball 3-1: Foul Ball, location: 2F 3-2: Fly out, F6 (Popup, 6M, EV 56.9 MPH)
|
|
Batting: LHB Jim Eppard
|
0-0: Fielders Choice at 2nd, 4-6 (Groundball, 34, EV 87.5 MPH)
|
|
Batting: SHB Randle Granger
|
0-0: Ground out 4-3 (Groundball, 4, EV 89.4 MPH)
|
| Top of the 1st over - 0 runs, 0 hits, 0 errors, 1 left on base; Daytona Beach 0 - West Palm Beach 0 |
| BOTTOM OF THE 1ST |
|
West Palm Beach Expos batting - Pitching for Daytona Beach Islanders : LHP Richard Herendeen
|
|
Pitching: LHP Richard Herendeen
|
|
|
Batting: RHB Matthew Gundelfinger
|
0-0: Called Strike 0-1: Swinging Strike 0-2: Ball 1-2: Ball 2-2: Reached on error, E4 (Groundball, 34, EV 83.8 MPH)
|
|
Batting: LHB Keith Hughes
|
0-0: Swinging Strike 0-1: Ball 1-1: Ball 2-1: Ball 3-1: Base on Balls
|
|
Batting: SHB Terry Pendleton
|
0-0: Ball 1-0: Ball 2-0: Foul Ball, location: 2F 2-1: Ball 3-1: Foul Ball, location: 2F 3-2: Base on Balls Matthew Gundelfinger to third Keith Hughes to second
|
|
Batting: RHB Steve Kiefer
|
0-0: Ball 1-0: Ball 2-0: Ball 3-0: Base on Balls Matthew Gundelfinger scores Keith Hughes to third Terry Pendleton to second
|
|
Batting: SHB Mark Pirruccello
|
0-0: Called Strike 0-1: Ball 1-1: Fly out, F9 (Flyball, 89D, EV 85.0 MPH) Runner from 3rd tags up, SCORES, throw by RF Terry Pendleton to third
|
|
Batting: LHB Jesus Alfes
|
0-0: Foul Ball, location: 2F 0-1: Swinging Strike 0-2: Ball 1-2: Ball 2-2: Fly out, F8 (Flyball, 8RS, EV 80.6 MPH)
|
|
Batting: RHB Humberto Cardenas
|
0-0: Foul Ball, location: 2F 0-1: Ball 1-1: Ball 2-1: Ball 3-1: Foul Ball, location: 2F 3-2: SINGLE (Line Drive, 6D, EV 101.9 MPH) Terry Pendleton scores Steve Kiefer to second Steve Kiefer to third
|
|
Batting: RHB Pat Adams
|
0-0: Ball 1-0: Ball 2-0: Ball 3-0: Base on Balls Humberto Cardenas to second
|
|
Batting: RHB Jesse Moore
|
0-0: Called Strike 0-1: Ball 1-1: Ground out 2-3 (Groundball, 2L, EV 68.1 MPH)
|
| Bottom of the 1st over - 3 runs, 1 hit, 1 error, 3 left on base; Daytona Beach 0 - West Palm Beach 3 |
| TOP OF THE 2ND |
|
Daytona Beach Islanders batting - Pitching for West Palm Beach Expos : RHP Felipe Lopez
|
|
Batting: RHB Douglas Wabeke
|
0-0: Foul Ball, location: 2F 0-1: Ball 1-1: Called Strike 1-2: Ball 2-2: DOUBLE (Line Drive, 89XD, EV 101.3 MPH)
|
|
Batting: RHB Jeff Rutledge
|
0-0: Swinging Strike 0-1: Ground out 4-3 (Groundball, 4, EV 105.0 MPH) Douglas Wabeke to third
|
|
Batting: RHB Kalvin Adams
|
0-0: Ball 1-0: Swinging Strike 1-1: Called Strike 1-2: Ball 2-2: Ball 3-2: Strikes out swinging
|
|
Batting: RHB Francisco Gonzalez
|
0-0: Called Strike 0-1: Called Strike 0-2: Ground out 5-3 (Groundball, 56S, EV 82.5 MPH)
|
| Top of the 2nd over - 0 runs, 1 hit, 0 errors, 1 left on base; Daytona Beach 0 - West Palm Beach 3 |
| BOTTOM OF THE 2ND |
|
West Palm Beach Expos batting - Pitching for Daytona Beach Islanders : LHP Richard Herendeen
|
|
Batting: RHB Matthew Gundelfinger
|
0-0: Ground out 6-3 (Groundball, 6, EV 83.8 MPH)
|
|
Batting: LHB Keith Hughes
|
0-0: Foul Ball, location: 2F 0-1: Foul Ball, location: 2F 0-2: Fly out, F8 (Flyball, 8RS, EV 85.6 MPH)
|
|
Batting: SHB Terry Pendleton
|
0-0: Foul Ball, location: 2F 0-1: Ball 1-1: Swinging Strike 1-2: Foul Ball, location: 2F 1-2: Fly out, F8 (Flyball, 89M, EV 88.8 MPH)
|
| Bottom of the 2nd over - 0 runs, 0 hits, 0 errors, 0 left on base; Daytona Beach 0 - West Palm Beach 3 |
| TOP OF THE 3RD |
|
Daytona Beach Islanders batting - Pitching for West Palm Beach Expos : RHP Felipe Lopez
|
|
Batting: RHB Dale Jones
|
0-0: Ball 1-0: Called Strike 1-1: Ball 2-1: Swinging Strike 2-2: Strikes out swinging
|
|
Batting: SHB Michael Frierson
|
0-0: Called Strike 0-1: Foul Ball, location: 2F 0-2: Ball 1-2: Strikes out looking
|
|
Batting: RHB Juan Salinas
|
0-0: Called Strike 0-1: Swinging Strike 0-2: Ball 1-2: Ball 2-2: Foul Ball, location: 2F 2-2: Fly out, F8 (Flyball, 8LD, EV 89.4 MPH)
|
| Top of the 3rd over - 0 runs, 0 hits, 0 errors, 0 left on base; Daytona Beach 0 - West Palm Beach 3 |
| BOTTOM OF THE 3RD |
|
West Palm Beach Expos batting - Pitching for Daytona Beach Islanders : LHP Richard Herendeen
|
|
Batting: RHB Steve Kiefer
|
0-0: Called Strike 0-1: Fly out, F8 (Line Drive, 8LD, EV 102.5 MPH)
|
|
Batting: SHB Mark Pirruccello
|
0-0: Ball 1-0: Ball 2-0: Called Strike 2-1: Ball 3-1: Base on Balls
|
|
Batting: LHB Jesus Alfes
|
0-0: Called Strike 0-1: Ball 1-1: Ball 2-1: Called Strike 2-2: Strikes out swinging
|
|
Batting: RHB Humberto Cardenas
|
0-0: Called Strike 0-1: Swinging Strike 0-2: Foul Ball, location: 2F 0-2: Fly out, F8 (Line Drive, 8RD, EV 96.9 MPH)
|
| Bottom of the 3rd over - 0 runs, 0 hits, 0 errors, 1 left on base; Daytona Beach 0 - West Palm Beach 3 |
| TOP OF THE 4TH |
|
Daytona Beach Islanders batting - Pitching for West Palm Beach Expos : RHP Felipe Lopez
|
|
Batting: LHB Jim Eppard
|
0-0: Ball 1-0: Fly out, F9 (Flyball, 9, EV 88.8 MPH)
|
|
Batting: SHB Randle Granger
|
0-0: Ball 1-0: Ball 2-0: Ball 3-0: SINGLE (Flyball, 78S, EV 93.1 MPH)
|
|
Batting: RHB Douglas Wabeke
|
0-0: Ball Randle Granger steals 2nd base 1-0: Ball 2-0: Called Strike 2-1: Foul Ball, location: 2F 2-2: Ground out 3-1 (Groundball, 34S, EV 91.9 MPH) Randle Granger to third
|
|
Batting: RHB Jeff Rutledge
|
0-0: Foul Ball, location: 2F 0-1: Ball 1-1: Fly out, F7 (Flyball, 7D, EV 103.1 MPH)
|
| Top of the 4th over - 0 runs, 1 hit, 0 errors, 1 left on base; Daytona Beach 0 - West Palm Beach 3 |
| BOTTOM OF THE 4TH |
|
West Palm Beach Expos batting - Pitching for Daytona Beach Islanders : LHP Richard Herendeen
|
|
Batting: RHB Pat Adams
|
0-0: Ball 1-0: Called Strike 1-1: Ground out 4-3 (Groundball, 4S, EV 67.5 MPH)
|
|
Batting: RHB Jesse Moore
|
0-0: DOUBLE (Line Drive, 78M, EV 96.9 MPH)
|
|
Batting: RHB Matthew Gundelfinger
|
0-0: Ball 1-0: Foul Ball, location: 2F 1-1: Ball 2-1: Swinging Strike 2-2: Ball 3-2: Fly out, F8 (Flyball, 8RM, EV 82.5 MPH)
|
|
Batting: LHB Keith Hughes
|
0-0: Ball 1-0: Ball 2-0: Called Strike 2-1: Foul Ball, location: 2F 2-2: Ball 3-2: Base on Balls
|
|
Batting: SHB Terry Pendleton
|
0-0: Swinging Strike 0-1: Ball 1-1: Ball 2-1: Fielders Choice at 2nd, U4 (Groundball, 4M, EV 104.4 MPH)
|
| Bottom of the 4th over - 0 runs, 1 hit, 0 errors, 2 left on base; Daytona Beach 0 - West Palm Beach 3 |
| TOP OF THE 5TH |
|
Daytona Beach Islanders batting - Pitching for West Palm Beach Expos : RHP Felipe Lopez
|
|
Batting: RHB Kalvin Adams
|
0-0: Called Strike 0-1: Fly out, F8 (Line Drive, 8RM, EV 96.3 MPH)
|
|
Batting: RHB Francisco Gonzalez
|
0-0: Ball 1-0: Called Strike 1-1: Ball 2-1: Ball 3-1: Called Strike 3-2: Foul Ball, location: 2F 3-2: Fly out, F9 (Flyball, 9, EV 88.1 MPH)
|
|
Batting: RHB Dale Jones
|
0-0: Ground out U3 (Groundball, 34S, EV 68.1 MPH)
|
| Top of the 5th over - 0 runs, 0 hits, 0 errors, 0 left on base; Daytona Beach 0 - West Palm Beach 3 |
| BOTTOM OF THE 5TH |
|
West Palm Beach Expos batting - Pitching for Daytona Beach Islanders : LHP Richard Herendeen
|
|
Batting: RHB Steve Kiefer
|
0-0: DOUBLE (Flyball, 89D, EV 107.5 MPH)
|
|
Batting: SHB Mark Pirruccello
|
0-0: Intentional Walk
|
|
Batting: LHB Jesus Alfes
|
0-0: Bunt - Flyout to 23! F3
|
|
Batting: RHB Humberto Cardenas
|
0-0: Called Strike Mark Pirruccello is caught stealing 2nd base 2-4 Steve Kiefer steals 3rd base 0-1: Ball 1-1: Ball 2-1: Called Strike 2-2: SINGLE (Line Drive, 89M, EV 96.9 MPH) Steve Kiefer scores
|
|
Batting: RHB Pat Adams
|
0-0: Ball 1-0: Called Strike 1-1: Foul Ball, location: 2F 1-2: Strikes out swinging
|
| Bottom of the 5th over - 1 run, 2 hits, 0 errors, 1 left on base; Daytona Beach 0 - West Palm Beach 4 |
| TOP OF THE 6TH |
|
Daytona Beach Islanders batting - Pitching for West Palm Beach Expos : RHP Felipe Lopez
|
|
Batting: SHB Michael Frierson
|
0-0: Foul Ball, location: 2F 0-1: Foul Ball, location: 2F 0-2: Strikes out swinging
|
|
Batting: RHB Juan Salinas
|
0-0: Ball 1-0: Foul Ball, location: 2F SINGLE, rundown, out at 1st!
|
|
Batting: LHB Jim Eppard
|
0-0: Ball 1-0: Ball 2-0: Called Strike 2-1: TRIPLE (Flyball, 89XD, EV 113.1 MPH)
|
|
Batting: SHB Randle Granger
|
0-0: Ball 1-0: Ball 2-0: Called Strike 2-1: Foul Ball, location: 2F 2-2: Foul Ball, location: 2F 2-2: Strikes out swinging
|
| Top of the 6th over - 0 runs, 2 hits, 0 errors, 1 left on base; Daytona Beach 0 - West Palm Beach 4 |
| BOTTOM OF THE 6TH |
|
West Palm Beach Expos batting - Pitching for Daytona Beach Islanders : LHP Richard Herendeen
|
|
Batting: RHB Jesse Moore
|
0-0: Called Strike 0-1: Swinging Strike 0-2: Ball 1-2: Ball 2-2: Strikes out swinging
|
|
Batting: RHB Matthew Gundelfinger
|
0-0: Ball 1-0: Called Strike 1-1: Called Strike 1-2: Ball 2-2: Ground out 5-3 (Groundball, 56S, EV 85.6 MPH)
|
|
Batting: LHB Keith Hughes
|
0-0: Foul Ball, location: 2F 0-1: Ball 1-1: Ground out 4-3 (Groundball, 4, EV 92.5 MPH)
|
| Bottom of the 6th over - 0 runs, 0 hits, 0 errors, 0 left on base; Daytona Beach 0 - West Palm Beach 4 |
| TOP OF THE 7TH |
|
Daytona Beach Islanders batting - Pitching for West Palm Beach Expos : RHP Felipe Lopez
|
|
Batting: RHB Douglas Wabeke
|
0-0: Foul Ball, location: 2F 0-1: Ball 1-1: Ball 2-1: Foul Ball, location: 2F 2-2: Ground out 6-3 (Groundball, 6, EV 85.6 MPH)
|
|
Batting: RHB Jeff Rutledge
|
0-0: Ball 1-0: Foul Ball, location: 2F 1-1: Swinging Strike 1-2: Ball 2-2: Ground out 4-3 (Groundball, 4D, EV 103.8 MPH)
|
|
Batting: RHB Kalvin Adams
|
0-0: SINGLE (Flyball, 5D, EV 91.3 MPH)
|
|
Batting: RHB Francisco Gonzalez
|
0-0: Ball 1-0: Ball 2-0: Ball 3-0: Base on Balls Kalvin Adams to second
|
|
Batting: RHB Dale Jones
|
0-0: Reached on error, E9 (Flyball, 9LM, EV 86.3 MPH) Kalvin Adams scores Francisco Gonzalez to third
|
|
Batting: SHB Michael Frierson
|
0-0: Ball 1-0: Called Strike 1-1: Called Strike 1-2: Ball 2-2: Ground out 4-3 (Groundball, 4S, EV 88.8 MPH)
|
| Top of the 7th over - 1 run, 1 hit, 1 error, 2 left on base; Daytona Beach 1 - West Palm Beach 4 |
| BOTTOM OF THE 7TH |
|
West Palm Beach Expos batting - Pitching for Daytona Beach Islanders : LHP Richard Herendeen
|
|
Batting: SHB Terry Pendleton
|
0-0: Ball 1-0: Foul Ball, location: 2F 1-1: Called Strike 1-2: Ball 2-2: Foul Ball, location: 2F 2-2: Foul Ball, location: 2F 2-2: Ball 3-2: Base on Balls
|
|
Pitching: RHP Michael Rostas
|
|
|
Batting: RHB Steve Kiefer
|
0-0: Grounds into double play, 6-4-3 (Groundball, 6, EV 103.1 MPH)
|
|
Batting: SHB Mark Pirruccello
|
0-0: Hit by Pitch
|
|
Batting: LHB Jesus Alfes
|
0-0: Ball 1-0: Fielders Choice at 2nd, 5-4 (Groundball, 56, EV 103.1 MPH)
|
| Bottom of the 7th over - 0 runs, 0 hits, 0 errors, 1 left on base; Daytona Beach 1 - West Palm Beach 4 |
| TOP OF THE 8TH |
|
Daytona Beach Islanders batting - Pitching for West Palm Beach Expos : RHP Felipe Lopez
|
|
Batting: RHB Juan Salinas
|
0-0: Ball 1-0: Ball 2-0: Ground out 4-3 (Groundball, 4M, EV 85.0 MPH)
|
|
Batting: LHB Jim Eppard
|
0-0: Fly out, F9 (Flyball, 89D, EV 95.6 MPH)
|
|
Batting: SHB Randle Granger
|
0-0: Ball 1-0: Called Strike 1-1: Foul Ball, location: 2F 1-2: Ball 2-2: Foul Ball, location: 2F 2-2: Fly out, F7 (Flyball, 7LM, EV 91.3 MPH)
|
| Top of the 8th over - 0 runs, 0 hits, 0 errors, 0 left on base; Daytona Beach 1 - West Palm Beach 4 |
| BOTTOM OF THE 8TH |
|
West Palm Beach Expos batting - Pitching for Daytona Beach Islanders : RHP Michael Rostas
|
|
Batting: RHB Humberto Cardenas
|
0-0: Ball 1-0: Ground out 3-1 (Groundball, 34, EV 100.6 MPH)
|
|
Batting: RHB Pat Adams
|
0-0: Ball 1-0: Ball 2-0: Ball 3-0: Called Strike 3-1: Fly out, F4 (Popup, 4M, EV 72.5 MPH)
|
|
Batting: RHB Jesse Moore
|
0-0: Ball 1-0: Foul Ball, location: 2F 1-1: Swinging Strike 1-2: Foul Ball, location: 2F 1-2: Foul Ball, location: 2F 1-2: Strikes out swinging
|
| Bottom of the 8th over - 0 runs, 0 hits, 0 errors, 0 left on base; Daytona Beach 1 - West Palm Beach 4 |
| TOP OF THE 9TH |
|
Daytona Beach Islanders batting - Pitching for West Palm Beach Expos : RHP Felipe Lopez
|
|
Batting: RHB Douglas Wabeke
|
0-0: Called Strike 0-1: Ball 1-1: Ball 2-1: Ball 3-1: Base on Balls
|
|
Batting: RHB Jeff Rutledge
|
0-0: Ball 1-0: Fly out, F8 (Line Drive, 8RD, EV 90.0 MPH)
|
|
Batting: RHB Kalvin Adams
|
0-0: Called Strike 0-1: Ball 1-1: Ball 2-1: Foul Ball, location: 2F 2-2: Foul Ball, location: 2F 2-2: Foul Ball, location: 2F 2-2: Ball 3-2: SINGLE (Flyball, 5D, EV 95.0 MPH) Douglas Wabeke to second
|
|
Pitching: RHP Michael Vint
|
|
|
Batting: RHB Francisco Gonzalez
|
0-0: Ball 1-0: Grounds into double play, 3-6-1 (Groundball, 34, EV 85.6 MPH)
|
| Top of the 9th over - 0 runs, 1 hit, 0 errors, 1 left on base; Daytona Beach 1 - West Palm Beach 4 |
|